 Dungeon Crawl Stone Soup version 0.23-a0-338-g8ff0b24 (webtiles) character file.

936 Garbasso the Chopper (level 7, 0/56 HPs)
             Began as a Demonspawn Fighter on Oct 18, 2018.
             Slain by an orc warrior
             ... wielding a +0 short sword
              (13 damage)
             ... on level 4 of the Dungeon.
             The game lasted 00:12:47 (5011 turns).

Garbasso the Chopper (Demonspawn Fighter)           Turns: 5011, Time: 00:12:48

Health: 0/56       AC: 12    Str: 16    XL:     7   Next: 87%
Magic:  7/7        EV:  4    Int: 11    God:
Gold:   199        SH:  9    Dex: 13    Spells: 6/6 levels left

rFire    + . .     SeeInvis .   a - +0 war axe
rCold    . . .     Gourm    .   c - +0 shield
rNeg     . . .     Faith    .   u - +0 chain mail
rPois    .         Spirit   .   (helmet restricted)
rElec    .         Reflect  .   q - +0 cloak
rCorr    .         Harm     .   (no gloves)
MR       .....                  (no boots)
Stlth    ..........             (no amulet)
HPRegen  0.18/turn              (no ring)
MPRegen  0.10/turn              (no ring)

@: no status effects
A: antennae 1, thin metallic scales 1, fire resistance 1, flame cloud immunity
a: no special abilities


You were on level 4 of the Dungeon.
You were not hungry.

You visited 1 branch of the dungeon, and saw 5 of its levels.

You collected 199 gold pieces.

Inventory:

Hand Weapons
 a - a +0 war axe (weapon)
 b - a +0 blowgun
Missiles
 j - 4 curare-tipped needles
 o - 32 sling bullets
 y - 6 poisoned needles
Armour
 c - a +0 shield (worn)
 q - a +0 cloak (worn)
 u - a +0 chain mail (worn)
Jewellery
 t - an uncursed ring of magical power {unknown}
 z - an uncursed ring of resist corrosion {unknown}
 B - an uncursed ring of flight {unknown}
Scrolls
 g - 4 scrolls of identify {unknown}
 h - a scroll of remove curse {unknown}
 i - 2 scrolls of enchant weapon {unknown}
 k - a scroll of immolation {unknown}
 n - a scroll of random uselessness {unknown}
 s - 2 scrolls of teleportation {unknown}
 x - a scroll of magic mapping {unknown}
 C - a scroll of fear {unknown}
Potions
 d - a potion of lignification {unknown}
 e - 2 potions of brilliance {unknown}
 m - a potion of magic {unknown}
 r - a potion of degeneration {unknown}
 v - a potion of agility {unknown}
 w - a potion of resistance {unknown}
 A - a potion of heal wounds {unknown}
Comestibles
 f - 9 rations
 p - 3 chunks of flesh


   Skills:
 + Level 5.3 Fighting
 * Level 6.0 Axes
 - Level 2.6 Armour
 + Level 4.9 Shields


You had 6 spell levels left.
You didn't know any spells.
Your spell library was empty.

Dungeon Overview and Level Annotations

Branches:
Dungeon (5/15)
 Temple: D:4-7

Altars:
Dithmenos
Okawaru
Zin

Annotations:
D:4 2 runed doors, MisterFreud's ghost, novice TrMo


Innate Abilities, Weirdness & Mutations

You have a pair of small antennae on your head.
You are partially covered in thin metallic scales. (AC +2)
Your flesh is heat resistant. (rF+)
You are immune to clouds of flame.


Message History

You block the orc warrior's attack.
You slash the orc warrior!
The orc warrior is moderately wounded.
The orc warrior hits you but does no damage.
You barely miss the orc warrior.
The orc warrior is moderately wounded.
You block the orc warrior's attack.
The orc warrior hits you but does no damage.
You slash the orc warrior!
The orc warrior is severely wounded.
The orc warrior hits you with a +0 short sword!
* * * LOW HITPOINT WARNING * * *
You hit the orc warrior.
The orc warrior is severely wounded.
The orc warrior hits you with a +0 short sword.
* * * LOW HITPOINT WARNING * * *
Okay, then.
You aren't carrying any items that you can evoke.
The orc warrior hits you with a +0 short sword!
You die...

#.......# #.#######.##
#.......####.# #.#
#..........#.# #.#
#.......##.#.# #.#
#.......##.#.# #.#
........##.#.# #.#
........##.#.#######.#
........##....oo...#.#
........####.###@###.#
........# #.##§§.##.#
#######.# #.#§#§#.#.#
#.# #.§§§§§§..#
#.####.#§#§#§#.##
#.......#§§§#...#
######.###§#§...# #.#
#.§.#.## #.# #####.#


You could see an orc warrior and an orc.

Vanquished Creatures
  Sigmund (D:3)
  A centaur (D:2)
  A crimson imp (D:5)
  A bullfrog zombie (D:4)
  A hound (D:2)
  3 orc priests
  6 orc wizards
  A centaur skeleton (D:3)
  3 iguanas (D:4)
  A worker ant (D:4)
  A hound skeleton (D:4)
  Robin (D:4)
  4 adders
  A shadow imp (D:5)
  2 oozes
  A worm (D:4)
  5 dart slugs
  2 leopard geckos (D:2)
  9 orcs
  2 ball pythons
  8 bats
  3 giant cockroaches
  17 goblins
  8 hobgoblins
  8 jackals
  2 quokkas
  6 frilled lizards
  A giant cockroach zombie (D:5)
  10 kobolds
  27 rats
137 creatures vanquished.

Vanquished Creatures (others)
  An orc wizard (D:5)
1 creature vanquished.

Grand Total: 138 creatures vanquished

Notes
Turn   | Place    | Note
-------+----------+-------------------------------------------
     0 | D:1      | Garbasso the Demonspawn Fighter began the quest for the
                  | Orb.
     0 | D:1      | Reached XP level 1. HP: 18/18 MP: 1/1
    59 | D:1      | Reached skill level 2 in Axes
   108 | D:1      | Gained mutation: You are partially covered in thin metallic
                  | scales. (AC +2) [demonic ancestry]
   108 | D:1      | Reached XP level 2. HP: 14/24 MP: 2/2
   495 | D:1      | Reached XP level 3. HP: 29/29 MP: 3/3
   876 | D:2      | Reached skill level 3 in Axes
  1006 | D:2      | Gained mutation: You have a pair of small antennae on your
                  | head. [demonic ancestry]
  1006 | D:2      | Reached XP level 4. HP: 24/35 MP: 4/4
  1573 | D:2      | Noticed a centaur
  1588 | D:2      | Killed a centaur
  1588 | D:2      | Gained mutation: Your flesh is heat resistant. (rF+)
                  | [demonic ancestry]
  1588 | D:2      | Reached XP level 5. HP: 19/42 MP: 5/5
  1827 | D:3      | Reached skill level 4 in Axes
  1920 | D:3      | Found a glowing silver altar of Zin.
  1942 | D:3      | Noticed Sigmund
  2189 | D:3      | Found an iron altar of Okawaru.
  2658 | D:4      | Found a runed door.
  2663 | D:4      | Noticed MisterFreud's ghost (novice TrMo)
  2675 | D:4      | Reached XP level 6. HP: 45/48 MP: 6/6
  2812 | D:4      | Found a shadowy altar of Dithmenos.
  3102 | D:4      | Found a runed door.
  3105 | D:4      | Noticed Robin
  3132 | D:4      | Killed Robin
  4085 | D:4      | Reached skill level 5 in Axes
  4085 | D:4      | Gained mutation: You are immune to clouds of flame.
                  | [demonic ancestry]
  4085 | D:4      | Reached XP level 7. HP: 31/55 MP: 7/7
  4684 | D:3      | Killed Sigmund
  4684 | D:3      | Reached skill level 5 in Fighting
  4833 | D:5      | Entered Level 5 of the Dungeon
  4913 | D:5      | Reached skill level 6 in Axes
  5011 | D:4      | Slain by an orc warrior

Vault maps used:
D:1:      dpeg_arrival_oval, st_stairs_7
D:3:      zin_scriptorium, okawaru_gym_becter, first_ration,
          minmay_misc_feat_roman, minmay_rat_hole, uniq_sigmund
D:4:      ebering_ghost_sewer_f, nrook_loot_triangle,
          grunt_dithmenos_smoke_and_mirrors, uniq_robin
D:5:      lemuel_round_altar, uniq_crazy_yiuf_cottage

Skill      XL: |  1  2  3  4  5  6  7 |
---------------+----------------------+-----
Axes           | 2 3 4 5 6 |  6.0
Shields        | 3 4 |  4.9
Fighting       | 4 5 |  5.3
Armour         | |  2.6

Action                   |  1- 3 |  4- 6 |  7- 9 || total
-------------------------+-------+-------+-------++-------
Melee: War axe           |   115 |   267 |    90 ||   472
 Fire: Blowgun           |       |    10 |     6 ||    16
Throw: Tomahawk          |     4 |    10 |     5 ||    19
  Use: Potion            |       |     1 |     1 ||     2
  Eat: Chunk             |     1 |     9 |     2 ||    12
       Ration            |       |       |     1 ||     1
Armor: Scale mail        |    97 |    31 |       ||   128
       Chain mail        |       |   139 |    66 ||   205
Dodge: Dodged            |    45 |    66 |    13 ||   124
Block: Shield            |    78 |   160 |    45 ||   283

Table legend:
 A = Non-vault XP
 B = Vault XP
 C = Vault XP percentage of total XP
 D = Non-vault monster count
 E = Vault monster count
 F = Vault count percentage of total count
                 A         B        C        D         E       F
            +---------+---------+-------+---------+---------+-------
      Total |    1058 |     280 |  20.9 |     104 |      34 |  24.6
            +---------+---------+-------+---------+---------+-------
        D:1 |      49 |       1 |   2.0 |      24 |       1 |   4.0
        D:2 |     250 |       0 |   0.0 |      35 |       0 |   0.0
        D:3 |      66 |     240 |  78.4 |      14 |      20 |  58.8
        D:4 |     478 |      39 |   7.5 |      22 |      13 |  37.1
        D:5 |     215 |       0 |   0.0 |       9 |       0 |   0.0
            +---------+---------+-------+---------+---------+-------
